 Dungeon Crawl Stone Soup version 0.31-a0-145-g046c7d2549 (webtiles) character file.

Game seed: 16129201526444811458

16 2FriedEggs the Trooper (level 2, -2/24 HPs)
             Began as a Demonspawn Fighter on June 7, 2023.
             Killed from afar by Natasha (5 damage)
             ... with a magic dart
             ... on level 2 of the Dungeon.
             The game lasted 00:00:46 (727 turns).

2FriedEggs the Trooper (Demonspawn Fighter)          Turns: 727, Time: 00:00:46

Health: -2/24      AC: 10    Str: 16    XL:     2   Next: 37%
Magic:  2/2        EV:  6    Int:  9    God:
Gold:   63         SH:  4    Dex: 12    Spells: 1/1 levels left

rFire   . . .        a - +0 war axe
rCold   . . .        c - +0 buckler
rNeg    . . .        g - +0 chain mail
rPois   .            (helmet restricted)
rElec   .            f - +0 cloak
rCorr   .            (no gloves)
SInv    .            (no boots)
Will    .....        (no amulet) Stlth
                     (no ring)
HPRegen 0.24/turn    (no ring)
MPRegen 0.08/turn

%: no passive effects
@: no status effects
A: antennae 1
a: no special abilities


You were on level 2 of the Dungeon.
You visited 1 branch of the dungeon, and saw 2 of its levels.

You collected 63 gold pieces.

Inventory:

Hand Weapons
 a - a +0 war axe (weapon)
Armour
 b - a +0 scale mail
 c - a +0 buckler (worn)
 f - a +0 cloak (worn)
 g - a +0 chain mail (worn)
Scrolls
 e - 2 scrolls of identify {unknown}
Potions
 d - a potion of might
 h - a potion of invisibility {unknown}


   Skills:
 - Level 3.0 Fighting
 * Level 2.8 Axes
 - Level 2.6 Armour
 - Level 2.6 Shields


You had one spell level left.
You didn't know any spells.
Your spell library was empty.

Dungeon Overview and Level Annotations

Branches:
Dungeon (2/15)

Altars:

Annotations:
D:2 Natasha


Innate Abilities, Weirdness & Mutations

You have a pair of small antennae on your head.


Message History

Done exploring.
There is a stone staircase leading down here.
You climb downwards.
Natasha hisses angrily.
There is a stone staircase leading up here.
Natasha is nearby!
Natasha is nearby!
You hit Natasha but do no damage. Natasha claws you but does no damage.
You barely miss Natasha. Natasha claws you.
You hit Natasha.
Natasha is lightly wounded.
Natasha howls an incantation.
Natasha shimmers violently.
You block Natasha's attack. Natasha claws you!
You are too injured to fight recklessly!
You are too injured to fight recklessly!
You closely miss Natasha.
Natasha is lightly wounded.
Natasha claws you.
* * * LOW HITPOINT WARNING * * *
You completely miss Natasha.
Natasha is lightly wounded.
Natasha hisses.
Natasha claws you.
* * * LOW HITPOINT WARNING * * *
You block Natasha's attack.
You hit Natasha.
Natasha is moderately wounded.
Natasha howls an incantation.
You feel disoriented. Natasha claws you but does no damage.
You closely miss Natasha.
Natasha is moderately wounded.
Natasha claws you but does no damage. You block Natasha's attack.
You hit Natasha but do no damage.
Natasha is moderately wounded.
Natasha growls.
Natasha stares at you and mumbles some strange words.
The magic dart hits you.
You die...

#........
#.......#
###.......#
.........#
#.......#
#.......#
#....h..#
#....@..+
#.......#
#.####.## #
.. ###


You could see Natasha.

Vanquished Creatures
  A dart slug (D:1)
  A giant cockroach (D:1)
  2 goblins (D:1)
  4 jackals (D:1)
  A kobold (D:1)
  2 ball pythons (D:1)
  A frilled lizard (D:1)
12 creatures vanquished.

Notes
Turn   | Place    | Note
-------+----------+-------------------------------------------
     0 | D:1      | 2FriedEggs the Demonspawn Fighter began the quest for the
                  | Orb.
     0 | D:1      | Reached XP level 1. HP: 18/18 MP: 1/1
    84 | D:1      | Discovered your monstrous ancestry.
    84 | D:1      | Gained mutation: You have a pair of small antennae on your
                  | head. [demonic ancestry]
    84 | D:1      | Reached XP level 2. HP: 19/24 MP: 2/2
   719 | D:2      | Noticed Natasha
   727 | D:2      | Killed from afar by Natasha

Illustrated notes

Levels and vault maps discovered:
D:1:      psy_arrival_terrarium, layout_loops_ring, st_stairs_9
D:2:      layout_basic, hellmonk_ecumenical_altar_zigzags,
          minmay_pentomino_pile, uniq_natasha

Skill      XL: |  1 |
---------------+----+-----
Axes           | 2 |  2.8
Fighting       | |  3.0
Armour         | |  2.6
Shields        | |  2.6

Action                     || total
---------------------------++-------
  Melee: War axe           ||    28
 Armour: Scale mail        ||     6
         Chain mail        ||     4
  Dodge: Dodged            ||     5
  Block: Buckler           ||     6

Table legend: (Time is in decaauts)
 A = Elapsed time spent in this place.
 B = Non-inter-level travel time spent in this place.
 C = Inter-level travel time spent in this place.
 D = Time resting spent in this place.
 E = Time spent auto-exploring this place.
 F = Levels seen in this place.
 G = Mean time per level.
                   A        B        C        D        E       F      G
               +--------+--------+--------+--------+--------+-----+--------+
         Total |    738 |    726 |     12 |      0 |    602 |   2 |  369.0 |
       Dungeon |    738 |    726 |     12 |      0 |    602 |   2 |  369.0 |
               +--------+--------+--------+--------+--------+-----+--------+

Top non-repeatable levels by time:
     D:1: 727 daAuts
     D:2: 10 daAuts
